 Dungeon Crawl Stone Soup version 0.28-a0-97-g102d6777a4 (webtiles) character file.

Game seed: 18346662600132563444

3756 thirtiethelement the Slicer (level 9, -6/71 HPs)
             Began as a Demonspawn Abyssal Knight on Aug 9, 2021.
             Was an Elder of Lugonu.
             Mangled by a wolf (7 damage)
             ... led by Grum
             ... on level 8 of the Dungeon.
             The game lasted 00:25:39 (9228 turns).

thirtiethelement the Slicer (DsAK)                  Turns: 9228, Time: 00:25:40

Health: -6/71      AC:  5    Str: 11      XL:     9   Next: 94%
Magic:  10/10      EV: 13    Int: 14      God:    Lugonu [****..]
Gold:   365        SH:  6    Dex: 20 (22) Spells: 8/8 levels left

rFire   + + .      SeeInvis +   c - +11 rapier "Koaz" {freeze, rF++ rN+ Str-5 SInv}
rCold   . . .      Faith    .   (no shield)
rNeg    + . .      Spirit   .   b - +0 leather armour
rPois   .          Reflect  .   (helmet unavailable)
rElec   .          Harm     .   k - +1 cloak {rCorr}
rCorr   +          Rampage  .   (no gloves)
Will    .....                   (no boots)
Stlth   +++.......              (no amulet)
HPRegen 0.21/turn               l - +6 ring of dexterity
MPRegen 0.12/turn               (no ring)

@: no status effects
A: antennae 3, large bone plates 2, demonic magic 1, agile 1, deterioration 1,
strong 1
a: Renounce Religion, Depart the Abyss, Bend Space, Banish, Corrupt


You were on level 8 of the Dungeon.
You worshipped Lugonu.
Lugonu was greatly pleased with you.
You visited 1 branch of the dungeon, and saw 8 of its levels.
You visited the Abyss 1 time.
You also visited: Sewer.

You collected 600 gold pieces.
You spent 235 gold pieces at shops.

Inventory:

Hand Weapons
 a - a +1 hand axe of freezing
 c - the +11 rapier "Koaz" (weapon) {freeze, rF++ rN+ Str-5 SInv}
   (You found it on level 2 of the Abyss)

   It freezes those it strikes, dealing additional cold damage.
   It can also slow down cold-blooded creatures.
   Str:       It affects your strength (-5).
   rF:        It greatly protects you from fire.
   rN:        It protects you from negative energy.
   SInv:      It lets you see invisible.
 d - a +2 dagger of draining
 e - a +2 dagger of venom
 i - a +2 whip of venom
 x - a +1 antimagic scimitar
 D - the +5 rapier of Inyrobb {pain, *Rage rElec Int+4}
   (You found it on level 8 of the Dungeon)

   In the hands of one skilled in necromantic magic, it inflicts extra damage on
   living creatures.
   Int:       It affects your intelligence (+4).
   rElec:     It insulates you from electricity.
   *Rage:     It may make you go berserk in combat.
Missiles
 q - 3 throwing nets
Armour
 b - a +0 leather armour (worn)
 k - a +1 cloak of preservation (worn)
Magical Staves
 v - a staff of cold
Jewellery
 l - a +6 ring of dexterity (left hand)
 y - a +6 ring of strength
Wands
 m - a wand of flame (42)
 n - a wand of polymorph (10)
 u - a wand of paralysis (8)
 B - a wand of charming (7)
Scrolls
 g - 2 scrolls of vulnerability
 p - 4 scrolls of teleportation
 t - a scroll of enchant weapon
 w - a scroll of fog
 C - a scroll of fear
Potions
 f - a potion of brilliance {unknown}
 h - 5 potions of attraction
 j - 2 potions of flight
 o - a potion of degeneration {unknown}
 r - 2 potions of haste
 s - a potion of curing
 z - a potion of berserk rage {unknown}
 A - a potion of ambrosia {unknown}


   Skills:
 + Level 6.5 Fighting
 + Level 8.5 Short Blades
 + Level 2.2 Axes
 + Level 4.9 Armour
 + Level 3.8 Dodging
 + Level 4.9 Stealth
 + Level 2.5 Shields
 + Level 2.5 Invocations


You had 8 spell levels left.
You didn't know any spells.
Your spell library contained the following spells:

 Spells                   Type           Power      Damage    Failure   Level
 Animate Skeleton         Necr           0%         N/A       36%         1
 Apportation              Tloc           0%         N/A       36%         1
 Corona                   Hex            0%         N/A       36%         1
 Foxfire                  Conj/Fire      0%         2x1d4     36%         1
 Freeze                   Ice            0%         1d3       36%         1
 Pain                     Necr           0%         1d4       36%         1
 Sting                    Tmut/Pois      0%         1d3       36%         1
 Summon Small Mammal      Summ           0%         N/A       36%         1
 Poisonous Vapours        Pois/Air       0%         N/A       50%         2
 Conjure Flame            Conj/Fire      0%         6-21      73%         3
 Frozen Ramparts          Ice            0%         1d2       73%         3
 Gell's Gravitas          Tloc           0%         N/A       73%         3
 Inner Flame              Hex/Fire       0%         N/A       73%         3
 Lesser Beckoning         Tloc           0%         N/A       73%         3
 Teleport Other           Tloc           0%         N/A       73%         3
 Cause Fear               Hex            0%         N/A       98%         4
 Dispel Undead            Necr           0%         3d6       98%         4
 Hailstorm                Conj/Ice       0%         3d3       98%         4
 Olgreb's Toxic Radiance  Pois           0%         N/A       98%         4
 Discord                  Hex            0%         N/A       100%        8


Dungeon Overview and Level Annotations

Branches:
Dungeon (8/15)             Temple (0/1) D:6           Sewer (visited)
   Lair: D:8-11

Altars:
Ashenzari
Dithmenos
Elyvilon
Qazlal
Zin

Shops:
D:1 [   D:4 (   D:6 !   D:7 [


Innate Abilities, Weirdness & Mutations

You have a pair of large antennae on your head. (SInv)
You are mostly covered in large bone plates. (SH +6)
Spells you cast may paralyse adjacent enemies.
You are agile. (Dex +2)
Your body sometimes deteriorates upon taking damage.
Your muscles are strong. (Str +2)


Message History

You puncture Grum! You freeze Grum.
Grum is severely wounded.
You block the wolf's attack. Grum misses you. The wolf bites you.
You hit Grum. You freeze Grum.
Grum is almost dead.
You block the wolf's attack. x2; Grum completely misses you.
The wolf completely misses you.
You puncture Grum! You freeze Grum.
You kill Grum!
Lugonu accepts your kill. The wolf closely misses you.
You block the wolf's attack. The wolf closely misses you.
You miss the wolf. The wolf barely misses you.
The wolf bites you but does no damage.
You hit the wolf. You freeze the wolf.
The wolf is lightly wounded.
You block the wolf's attack. The wolf barely misses you.
The wolf bites you but does no damage.
You puncture the wolf! You freeze the wolf.
The wolf is severely wounded.
The wolf bites you. x2; The wolf bites you but does no damage.
You hit the wolf. You freeze the wolf.
The wolf is almost dead.
The wolf bites you. The wolf misses you.
You barely miss the wolf.
The wolf is almost dead.
The wolf bites you.
* * * LOW HITPOINT WARNING * * *
You block the wolf's attack.
You closely miss the wolf.
The wolf is almost dead.
The wolf bites you!
* * * LOW HITPOINT WARNING * * *
Your body deteriorates!
You feel clumsy. The wolf bites you!
* * * LOW HITPOINT WARNING * * *
The wolf bites you.
* * * LOW HITPOINT WARNING * * *
The wolf bites you!
You die...

### #.. #.# ###########
#.# #.........#
#.############..h......#
#.#..........'..@).....+
#.#.##########..h......#
...<...................+
#.############.........#
#.......... +.........#
##.....### #.........#
##.###.# #...(.....#
.......# #.......|.#
##.##..#


You could see 2 wolves.

Vanquished Creatures
  Grinder (D:4)
  Prince Ribbit (D:6)
  Sigmund (D:6)
  Grum (D:8)
  Eustachio (D:7)
  A water moccasin (D:6)
  Duvessa (D:6)
  3 sky beasts
  2 ogres
  2 black bears
  An ice beast (D:6)
  A necrophage (D:6)
  A wolf (D:8)
  A centaur (D:5)
  A phantom (D:6)
  Blork the orc (D:6)
  A bullfrog (D:5)
  Dowan (D:6)
  A scorpion (D:5)
  A killer bee (D:5)
  6 wights
  4 howler monkeys
  A bullfrog zombie (D:5)
  A centaur zombie (D:8)
  4 jellies
  A gnoll shaman (D:7)
  2 hounds (D:7)
  An orc priest (D:6)
  2 bullfrog skeletons
  2 centaur skeletons (D:5)
  2 iguanas
  Ijyb (D:3)
  Terence (D:2)
  4 orc wizards
  A killer bee zombie (D:7)
  A howler monkey zombie (D:5)
  An adder (D:5)
  9 gnolls
  2 shadow imps (D:7)
  A white imp (D:6)
  3 ufetubi
  An adder skeleton (D:2)
  7 worms
  5 dart slugs
  11 orcs
  11 endoplasms
  4 giant cockroaches
  6 goblins
  5 hobgoblins
  14 jackals
  9 kobolds
  5 quokkas
  10 ball pythons
  11 bats
  4 frilled lizards
  4 rats
181 creatures vanquished.

Vanquished Creatures (collateral kills)
  An orc warrior (D:5)
  2 orcs (D:5)
3 creatures vanquished.

Vanquished Creatures (others)
  3 toadstools (D:1)
3 creatures vanquished.

Grand Total: 187 creatures vanquished

Notes
Turn   | Place    | Note
-------+----------+-------------------------------------------
     0 | Abyss:1  | thirtiethelement the Demonspawn Abyssal Knight began the
                  | quest for the Orb.
     0 | Abyss:1  | Reached XP level 1. HP: 18/18 MP: 2/2
    23 | Abyss:2  | Identified the +11 rapier "Koaz" {freeze, rF++ rN+ Str-5
                  | SInv}
    25 | Abyss:2  | Noticed a smoke demon
    30 | D:1      | Escaped the Abyss
   329 | D:1      | Gained mutation: You have a pair of small antennae on your
                  | head. [demonic ancestry]
   329 | D:1      | Reached XP level 2. HP: 24/24 MP: 3/3
   485 | D:1      | Reached * piety under Lugonu
   993 | D:1      | Gained mutation: You have a pair of antennae on your head.
                  | [demonic ancestry]
   993 | D:1      | Reached XP level 3. HP: 19/29 MP: 4/4
  1128 | D:1      | Found Ixetuz's Armour Boutique.
  1397 | D:1      | Found a faded altar of an unknown god.
  1453 | D:2      | Reached skill level 1 in Short Blades
  1453 | D:2      | Reached skill level 1 in Dodging
  1550 | D:2      | Reached XP level 4. HP: 37/37 MP: 5/5
  1700 | D:2      | Reached ** piety under Lugonu
  1797 | D:2      | Noticed Terence
  1805 | D:2      | Killed Terence
  1806 | D:2      | Reached skill level 2 in Short Blades
  2365 | D:1      | Bought a +0 cloak of preservation for 115 gold pieces
  2424 | D:3      | Noticed Ijyb
  2442 | D:3      | Killed Ijyb
  2443 | D:3      | Reached skill level 1 in Stealth
  2443 | D:3      | Gained mutation: You are partially covered in large bone
                  | plates. (SH +4) [demonic ancestry]
  2443 | D:3      | Reached XP level 5. HP: 10/42 MP: 6/6
  3183 | D:4      | Noticed Eustachio
  3185 | D:4      | Found a stormy altar of Qazlal.
  3305 | D:4      | Noticed an ogre
  3314 | D:4      | Killed an ogre
  3315 | D:4      | Reached skill level 3 in Short Blades
  3315 | D:4      | Reached XP level 6. HP: 48/48 MP: 7/7
  3332 | D:4      | Noticed Grinder
  3351 | D:4      | Paralysed by Grinder for 4 turns
  3367 | D:4      | Killed Grinder
  3368 | D:4      | Reached skill level 4 in Short Blades
  3541 | D:4      | Gained mutation: You have a pair of large antennae on your
                  | head. (SInv) [demonic ancestry]
  3541 | D:4      | Reached XP level 7. HP: 54/55 MP: 8/8
  3562 | D:4      | Found Naraddiwk's Weapon Boutique.
  4098 | D:5      | Entered Level 5 of the Dungeon
  4106 | D:5      | Found a broken altar of Ashenzari.
  4248 | D:5      | Found a glowing drain.
  4252 | D:5      | Reached *** piety under Lugonu
  4261 | D:5      | Reached skill level 5 in Short Blades
  4268 | Sewer    | Entered a sewer
  4278 | Sewer    | Reached skill level 1 in Shields
  5129 | D:5      | Found a shadowy altar of Dithmenos.
  5163 | D:5      | HP: 1/55 [centaur/arrow (12)]
  5178 | D:5      | Gained mutation: Spells you cast may paralyse adjacent
                  | enemies. [demonic ancestry]
  5178 | D:5      | Reached XP level 8. HP: 15/61 MP: 5/9
  5506 | D:5      | Reached skill level 5 in Fighting
  5509 | D:5      | Reached skill level 6 in Short Blades
  5902 | D:5      | Reached **** piety under Lugonu
  6273 | D:6      | Found a staircase to the Ecumenical Temple.
  6306 | D:6      | Found Fixiemoi's Distillery.
  6331 | D:6      | Gained mutation: You are agile. (Dex +2) [potion of
                  | mutation]
  6331 | D:6      | Gained mutation: Your muscles are strong. (Str +2) [potion
                  | of mutation]
  6331 | D:6      | Gained mutation: Your body sometimes deteriorates upon
                  | taking damage. [potion of mutation]
  6331 | D:6      | HP: 3/63 [poisoned by a water moccasin]
  6640 | D:6      | Reached skill level 7 in Short Blades
  6640 | D:6      | Noticed Blork the orc
  6640 | D:6      | Noticed Duvessa
  6641 | D:6      | Noticed Dowan
  6647 | D:6      | Killed Duvessa
  6654 | D:6      | Killed Dowan
  6655 | D:6      | Killed Blork the orc
  6656 | D:6      | Gained mutation: You are mostly covered in large bone
                  | plates. (SH +6) [demonic ancestry]
  6656 | D:6      | Reached XP level 9. HP: 19/68 MP: 10/10
  7081 | D:6      | Noticed Sigmund
  7090 | D:6      | Killed Sigmund
  7174 | D:6      | Got the Guide on Stolen Souls
  7231 | D:6      | Noticed Prince Ribbit
  7240 | D:6      | Killed Prince Ribbit
  7578 | D:7      | Reached skill level 8 in Short Blades
  7814 | D:7      | Killed Eustachio
  7854 | D:7      | Found Ximpy's Armour Shoppe.
  8750 | D:6      | Bought a potion of haste for 120 gold pieces
  8862 | D:8      | Identified the +5 rapier of Inyrobb {pain, *Rage rElec
                  | Int+4}
  9211 | D:8      | Noticed Grum
  9222 | D:8      | Killed Grum
  9228 | D:8      | HP: 1/71 [wolf[Grum] (4)]
  9228 | D:8      | Mangled by a wolf

Illustrated notes

Levels and vault maps discovered:
D:1:      dpeg_arrival_simpleton_a, layout_basic, serial_shops, shop,
          dreamdust_ecumenical_altar_hidden_monk_grotto,
          minmay_tree_intersection, minmay_gold_behind_fungi, grunt_decor_cap
D:2:      layout_basic, kennysheep_generic_room_8, uniq_terence
D:3:      layout_rooms, gammafunk_temple_overflow_statue, fountainhead,
          uniq_ijyb
D:4:      layout_loops_ring, grunt_qazlal_sundering, serial_shops,
          nicolae_shop_statue_plus, uniq_eustachio, uniq_grinder
D:5:      layout_cave_pods, ashenzari_conservatory_becter,
          nicolae_dithmenos_the_darkroom, cheibrodos_sewer_entry_bend,
          kennysheep_generic_room_5
D:6:      layout_gridville, minmay_temple_entry_offerings, serial_shops,
          nicolae_take_the_stairs, minmay_misc_feat_encased, uniq_blork_the_orc,
          uniq_duvessa, uniq_sigmund, uniq_prince_ribbit1
D:7:      layout_loops_corners, serial_shops, shop
D:8:      layout_basic, uniq_grum

Skill      XL: |  1  2  3  4  5  6  7  8  9 |
---------------+----------------------------+-----
Axes           | 2 |  2.2
Armour         | 2 3 4 |  4.9
Short Blades   | 1 2 3 4 5 7 8 |  8.5
Dodging        | 1 2 3 |  3.8
Fighting       | 4 5 6 |  6.5
Stealth        | 1 2 3 4 |  4.9
Shields        | 1 2 |  2.5
Invocations    | |  2.5

Action                   |  1- 3 |  4- 6 |  7- 9 || total
-------------------------+-------+-------+-------++-------
Melee: Rapier            |    51 |    91 |   270 ||   412
Invok: Depart the Abyss  |     1 |       |       ||     1
  Use: Scroll            |     1 |     6 |    13 ||    20
       Potion            |       |       |    11 ||    11
 Stab: Sleeping          |     2 |     2 |    14 ||    18
       Distracted        |       |     1 |     1 ||     2
Armor: Leather armour    |    14 |    15 |    52 ||    81
Dodge: Dodged            |    33 |    23 |   152 ||   208
Block: Other             |       |     8 |    51 ||    59

Table legend: (Time is in decaauts)
 A = Elapsed time spent in this place.
 B = Non-inter-level travel time spent in this place.
 C = Inter-level travel time spent in this place.
 D = Time resting spent in this place.
 E = Time spent auto-exploring this place.
 F = Levels seen in this place.
 G = Mean time per level.
                   A        B        C        D        E       F      G
               +--------+--------+--------+--------+--------+-----+--------+
         Total |   9371 |   9172 |    199 |    169 |   6969 |  11 |  851.9 |
       Dungeon |   8465 |   8266 |    199 |     27 |   6783 |   8 | 1058.1 |
         Abyss |     29 |     29 |      0 |      0 |      0 |   2 |   14.5 |
         Sewer |    875 |    875 |      0 |    142 |    186 |   1 |  875.0 |
               +--------+--------+--------+--------+--------+-----+--------+

Top non-repeatable levels by time:
     D:1: 1459 daAuts
     D:5: 1430 daAuts
     D:6: 1247 daAuts
     D:7: 1240 daAuts
     D:4: 1062 daAuts
     D:2: 944 daAuts
   Sewer: 875 daAuts
     D:3: 617 daAuts
     D:8: 461 daAuts
 Abyss:2: 17 daAuts
 Abyss:1: 12 daAuts
